 Dungeon Crawl Stone Soup version 0.26.1-2-gb8aa6d0cf2 (webtiles) character file.

Game seed: 9181696438629371415

698 Gadfly the Skirmisher (level 7, -5/70 HPs)
             Began as an Ogre Monk on Feb 12, 2021.
             Slain by a killer bee (8 damage)
             ... on level 5 of the Dungeon.
             The game lasted 00:06:27 (7387 turns).

Gadfly the Skirmisher (Ogre Monk)                   Turns: 7387, Time: 00:06:27

Health: -5/70      AC: 11    Str: 18    XL:     7   Next: 65%
Magic:  9/9        EV: 10    Int: 11    God:
Gold:   191        SH:  0    Dex: 11    Spells: 6/6 levels left

rFire    . . .     SeeInvis .   a - +0 flail
rCold    . . .     Faith    .   (no shield)
rNeg     . . .     Spirit   .   e - +1 robe
rPois    .         Reflect  .   (helmet restricted)
rElec    .         Harm     .   l - +2 cloak
rCorr    .         Rampage  .   (gloves unavailable)
Will     .....                  (boots unavailable)
Stlth    ++........             i - amulet of the acrobat
HPRegen  0.21/turn              k - ring of flight
MPRegen  0.11/turn              p - +4 ring of protection

@: lethally poisoned (-5 -> -8)
A: large, unfitting armour, tough skin 1
a: Evoke Flight


You were on level 5 of the Dungeon.
You visited 1 branch of the dungeon, and saw 6 of its levels.

You collected 191 gold pieces.

Inventory:

Hand Weapons
 a - a +0 flail (weapon)
 b - a +0 dagger of draining
Missiles
 c - a throwing net
 h - 224 stones (quivered)
Armour
 e - a +1 robe (worn)
 l - a +2 cloak (worn)
Jewellery
 i - an amulet of the acrobat (around neck)
 k - a ring of flight (left hand)
 o - an uncursed ring of ice
 p - a +4 ring of protection (right hand)
Scrolls
 d - 2 scrolls of identify
 g - a scroll of teleportation
 n - a scroll of remove curse
Potions
 m - a potion of attraction


   Skills:
 - Level 4.0 Fighting
 + Level 3.6 Maces & Flails
 * Level 3.5 Throwing
 * Level 3.0 Armour
 - Level 2.6 Dodging
 - Level 1.4 Stealth
 * Level 3.9 Invocations
 * Level 2.8 Evocations


You had 6 spell levels left.
You didn't know any spells.
Your spell library was empty.

Dungeon Overview and Level Annotations

Branches:
Dungeon (6/15)
 Temple: D:4-7

Altars:
Ashenzari
Kikubaaqudgha
Ru
Trog
Uskayaw
Wu Jian
The Shining One


Innate Abilities, Weirdness & Mutations

You are too large for most types of armour.
You have tough skin. (AC +1)


Message History

The killer bee stings you but does no damage. x2
You miss the killer bee.
The killer bee is lightly wounded.
You feel sick. The killer bee closely misses you.
The killer bee stings you but does no damage.
You miss the killer bee.
The killer bee is lightly wounded.
You feel sick. The killer bee barely misses you. The killer bee stings you.
* * * LOW HITPOINT WARNING * * *
The killer bee barely misses you.
You closely miss the killer bee.
The killer bee is lightly wounded.
* * * LOW HITPOINT WARNING * * *
You feel sick.
The killer bee stings you but does no damage.
The killer bee barely misses you.
You miss the killer bee.
The killer bee is lightly wounded.
The killer bee closely misses you. The killer bee stings you!
You die...

#####............#
...........###...#
.####.###..# #.#.#
.####.###..###.#.############
............................#
.####..........#.##########.#
.####..#######.#.# #.#
.........# #.#.# #.#
.####..#.# #.#@# #.#
#####..#.#####.#y# #.#
...............>y## #.#
########..........# #.#####
........<########.# #.##...
########.# #.# #.##^.. ##.##
#.# #...... #### #...#
#.####### #......
...####...### #.......#
##.....


You could see 2 killer bees.

Vanquished Creatures
  Blork the orc (D:4)
  4 killer bees (D:5)
  An orc priest (D:3)
  A centaur skeleton (D:4)
  An iron imp (D:5)
  5 orc wizards
  Terence (D:2)
  A worker ant zombie (D:5)
  5 adders
  3 gnolls (D:3)
  An ooze (D:1)
  3 worms
  A dart slug (D:2)
  4 leopard geckos
  16 orcs
  3 giant cockroaches
  4 goblins
  12 hobgoblins
  7 jackals
  12 kobolds
  3 quokkas
  A ball python (D:4)
  11 bats
  3 frilled lizards (D:2)
  A goblin skeleton (D:5)
  A goblin zombie (D:5)
  A hobgoblin zombie (D:5)
  A kobold skeleton (D:5)
  A kobold zombie (D:5)
  A leopard gecko skeleton (D:4)
  An orc skeleton (D:5)
  3 orc zombies (D:5)
  5 rats
119 creatures vanquished.

Vanquished Creatures (others)
  A hobgoblin (D:1)
1 creature vanquished.

Grand Total: 120 creatures vanquished

Notes
Turn   | Place    | Note
-------+----------+-------------------------------------------
     0 | D:1      | Gadfly the Ogre Monk began the quest for the Orb.
     0 | D:1      | Reached XP level 1. HP: 24/24 MP: 1/1
   350 | D:1      | Reached XP level 2. HP: 18/32 MP: 2/2
   777 | D:1      | Reached skill level 1 in Throwing
   777 | D:1      | Reached skill level 1 in Invocations
  1090 | D:1      | Reached XP level 3. HP: 39/39 MP: 3/3
  1928 | D:2      | Reached skill level 1 in Armour
  1928 | D:2      | Reached skill level 1 in Evocations
  2154 | D:2      | Reached XP level 4. HP: 46/48 MP: 5/5
  2560 | D:2      | Noticed Terence
  2575 | D:2      | Killed Terence
  3554 | D:3      | Found a hide-covered altar of Uskayaw.
  3558 | D:3      | Found an ornate altar of the Wu Jian Council.
  3560 | D:3      | Found a broken altar of Ashenzari.
  3643 | D:3      | Reached XP level 5. HP: 52/54 MP: 6/6
  3705 | D:3      | Found a glowing golden altar of the Shining One.
  3706 | D:3      | Found an ancient bone altar of Kikubaaqudgha.
  4329 | D:3      | Reached XP level 6. HP: 34/62 MP: 6/8
  4852 | D:4      | Noticed Blork the orc
  4877 | D:4      | Killed Blork the orc
  5076 | D:4      | Reached XP level 7. HP: 55/70 MP: 9/9
  5326 | D:4      | Found a sacrificial altar of Ru.
  5595 | D:5      | Entered Level 5 of the Dungeon
  6418 | D:5      | Found a glowing golden altar of the Shining One.
  6490 | D:5      | Found a bloodstained altar of Trog.
  6639 | D:5      | HP: 5/105 [poisoned by a killer bee]
  6645 | D:5      | HP: 3/105 [poisoned by a killer bee]
  6653 | D:5      | HP: 2/105 [poisoned by a killer bee]
  6661 | D:5      | HP: 2/105 [poisoned by a killer bee]
  7385 | D:5      | HP: 3/70 [killer bee (4)]
  7387 | D:5      | Slain by a killer bee

Illustrated notes

Levels and vault maps discovered:
D:1:      psy_arrival_whirlpool, layout_loops_ring, lemuel_flame_loot_1
D:2:      layout_basic, uniq_terence
D:3:      layout_loops_cross, grunt_temple_overflow_open,
          nicolae_overflow_hidden_temple
D:4:      layout_rooms, nicolae_ru_sacrificial_ziggurat, uniq_blork_the_orc
D:5:      layout_loops_ring, basic_altar, nicolae_tso_besieged_by_evil
D:6:      layout_basic, lemuel_temple_firewalk_b, ebering_ghost_disaster_area,
          okawaru_metal_pillars_3

Skill      XL: |  1  2  3  4  5  6  7 |
---------------+----------------------+-----
Throwing       | 1 2 3 |  3.5
Invocations    | 1 2 3 |  3.9
Armour         | 1 2 3 |  3.0
Evocations     | 1 2 |  2.8
Maces & Flails | 3 |  3.6
Fighting       | |  4.0
Dodging        | |  2.6
Stealth        | |  1.4

Action                   |  1- 3 |  4- 6 |  7- 9 || total
-------------------------+-------+-------+-------++-------
Melee: Mace              |   116 |    29 |       ||   145
       Flail             |       |   186 |   176 ||   362
Throw: Stone             |     8 |    22 |       ||    30
  Use: Scroll            |     4 |     7 |     1 ||    12
       Potion            |       |     2 |     7 ||     9
 Stab: Sleeping          |     3 |     6 |     1 ||    10
Armor: Robe              |    44 |    56 |    97 ||   197
       Skin              |       |    43 |    72 ||   115
Dodge: Dodged            |    73 |   106 |   130 ||   309
